 Dungeon Crawl Stone Soup version 0.26.0-45-g9c1d065592 (webtiles) character file.

Game seed: 4636169543000197684

4409 kaeus the Covert (level 10, -2/71 HPs)
             Began as an Octopode Monk on Jan 27, 2021.
             Splashed by an acid dragon's acid (15 damage)
             ... on level 8 of the Dungeon.
             The game lasted 00:12:33 (9924 turns).

kaeus the Covert (Octopode Monk)                    Turns: 9924, Time: 00:12:33

Health: -2/71      AC:  1    Str: 17    XL:     10   Next: 36%
Magic:  10/10      EV: 22    Int: 12    God:
Gold:   112        SH: 11    Dex: 18    Spells: 9/9 levels left

rFire    . . .     SeeInvis +   a - +1 short sword
rCold    . . .     Faith    .   t - +1 buckler {AC+3}
rNeg     . . .     Spirit   .   v - +1 hat
rPois    .         Reflect  +   o - amulet of reflection
rElec    .         Harm     .   m - ring of see invisible
rCorr    .         Rampage  .   q - +4 ring of evasion
Will     .....                  x - +6 ring of strength
Stlth    ++++++....             (no ring)
HPRegen  0.21/turn              (no ring)
MPRegen  0.12/turn              (no ring)
                                (no ring)
                                (no ring)

@: corroded
A: almost no armour, stealthy swim, amphibious, 8 rings, constrict 8, camouflage
1, gelatinous body 1
a: no special abilities


You were on level 8 of the Dungeon.
You visited 2 branches of the dungeon, and saw 9 of its levels.
You also visited: Sewer.

You collected 337 gold pieces.
You spent 225 gold pieces at shops.

Inventory:

Hand Weapons
 a - a +1 short sword (weapon)
Armour
 t - a +1 buckler of protection (worn)
 v - a +1 hat (worn)
Jewellery
 m - a ring of see invisible (left tentacle)
 o - an amulet of reflection (around mantle)
 q - a +4 ring of evasion (right tentacle)
 x - a +6 ring of strength (on tentacle)
Wands
 u - a wand of flame (7)
Scrolls
 b - 6 scrolls of teleportation
 c - 2 scrolls of fog
 d - 5 scrolls of identify
 f - 7 scrolls of fear
 j - 3 scrolls of amnesia
 k - 2 scrolls of immolation
 n - a scroll of remove curse
 w - a scroll of noise {unknown}
Potions
 e - 3 potions of heal wounds
 g - a potion of might
 h - 2 potions of attraction {unknown}
 i - 14 potions of curing
 l - a potion of lignification {unknown}
 p - 4 potions of flight
 r - a potion of degeneration {unknown}
 s - a potion of invisibility {unknown}


   Skills:
 + Level 7.0 Fighting
 + Level 7.0 Short Blades
 + Level 7.0 Dodging
 * Level 12.6 Stealth
 - Level 4.0 Shields


You had 9 spell levels left.
You didn't know any spells.
Your spell library contained the following spells:

 Spells                   Type           Power        Failure   Level
 Magic Dart               Conj           0%           32%         1
 Blink                    Tloc           N/A          45%         2
 Call Imp                 Summ           0%           45%         2
 Slow                     Hex            0%           45%         2
 Confusing Touch          Hex            0%           69%         3
 Conjure Flame            Conj/Fire      0%           69%         3
 Gell's Gravitas          Tloc           0%           69%         3
 Mephitic Cloud           Conj/Pois/Air  0%           69%         3
 Petrify                  Tmut/Erth      0%           97%         4
 Metabolic Englaciation   Hex/Ice        0%           100%        5
 Yara's Violent Unravell  Hex/Tmut       0%           100%        5


Dungeon Overview and Level Annotations

Branches:
Dungeon (8/15)             Temple (1/1) D:5           Sewer (visited)
   Lair: D:8-11

Altars:
Ashenzari
Cheibriados
Elyvilon
Fedhas
Gozag
Hepliaklqana
Kikubaaqudgha
Makhleb
Nemelex Xobeh
Okawaru
Qazlal
Ru
Sif Muna
Trog
Uskayaw
Vehumet
Wu Jian
Xom
Yredelemnul
Zin
The Shining One

Shops:
D:5 [


Innate Abilities, Weirdness & Mutations

You cannot wear most types of armour.
You are very stealthy in the water. (Stealth+)
You are amphibious.
You can wear up to eight rings at the same time.
You can use your tentacles to constrict eight enemies at once.
Your skin changes colour to match your surroundings (Stealth+).
Your rubbery body absorbs attacks. (AC +1, EV +1)


Message History

There are monsters nearby!
You completely miss the komodo dragon.
The komodo dragon is moderately wounded.
You block the acid dragon's attack. The acid dragon claws you.
The komodo dragon closely misses you.
There are monsters nearby!
You are too injured to fight recklessly!
There are monsters nearby!
You take 4 damage, and have 33/71 hp.
You are too injured to fight recklessly!
There are monsters nearby!
You feel much better. You block the acid dragon's attack.
The acid dragon misses you. The komodo dragon bites you!!
You take 7 damage, and have 26/71 hp.
A komodo dragon comes into view.
The acid dragon spits acid at you. The splash of acid hits you!
* * * LOW HITPOINT WARNING * * *
The acid corrodes you!
You are splashed with acid!
You die...

#.#.##### #.#......
#.####### #.####...
#[.)..... ######.##
#### ##### ### ####..
###.#.#####
##..#.###.@.......###
##.##...ll...###.....#
...#........D.###
#.##..#### ##
.........###.##
######...###.
.#..l..#..####
####...# ........##...
##### ....##.# ###.#
##. ## #


You could see a komodo dragon, a wyvern and an acid dragon (catching breath).

Vanquished Creatures
  A two-headed ogre (D:8)
  Joseph (D:8)
  Maggie (D:8)
  A komodo dragon (D:8)
  An ice beast (D:7)
  An orc warrior (D:6)
  A sky beast (D:8)
  A necrophage (D:7)
  A hornet zombie (D:7)
  A phantom (D:7)
  6 ogres
  A centaur (D:7)
  A big kobold (Sewer)
  4 bullfrogs
  4 scorpions
  A wyvern skeleton (D:6)
  A howler monkey (D:8)
  2 centaur zombies
  A bullfrog zombie (D:8)
  A jelly (D:5)
  9 orc wizards
  A gnoll shaman (D:8)
  2 orc priests (D:5)
  A hound (D:8)
  3 iguanas
  4 worker ants
  A hound zombie (D:7)
  A hound skeleton (D:8)
  A howler monkey zombie (D:8)
  14 gnolls
  6 river rats (Sewer)
  12 adders
  3 shadow imps
  2 white imps
  An ufetubus (D:6)
  4 oozes
  An adder skeleton (D:6)
  2 worms (D:2)
  A leopard gecko (D:6)
  18 orcs
  7 giant cockroaches
  2 hobgoblins (D:2)
  9 jackals
  4 quokkas
  5 ball pythons
  6 bats
  4 frilled lizards
  A goblin (D:3)
  A jackal skeleton (D:4)
  26 kobolds
  A leopard gecko skeleton (D:7)
  2 quokka zombies
  22 rats
209 creatures vanquished.

Vanquished Creatures (others)
  An orc (D:8)
1 creature vanquished.

Grand Total: 210 creatures vanquished

Notes
Turn   | Place    | Note
-------+----------+-------------------------------------------
     0 | D:1      | kaeus the Octopode Monk began the quest for the Orb.
     0 | D:1      | Reached XP level 1. HP: 16/16 MP: 1/1
    49 | D:1      | Reached skill level 3 in Stealth
    54 | D:1      | Reached XP level 2. HP: 16/21 MP: 2/2
   251 | D:1      | Reached XP level 3. HP: 21/26 MP: 3/3
   714 | D:2      | Reached skill level 4 in Stealth
   965 | D:2      | Found a glowing silver altar of Zin.
   976 | D:2      | Reached XP level 4. HP: 31/31 MP: 4/4
  1593 | D:3      | Noticed a +0 dagger
  1601 | D:3      | Found a snail-covered altar of Cheibriados.
  1601 | D:3      | Found a bloodstained altar of Trog.
  1602 | D:3      | Found a shimmering altar of Xom.
  1622 | D:3      | Found a stormy altar of Qazlal.
  1657 | D:3      | Noticed a +0 hand axe
  1660 | D:3      | Found a hide-covered altar of Uskayaw.
  2059 | D:4      | Reached skill level 5 in Stealth
  2059 | D:4      | Reached XP level 5. HP: 11/36 MP: 5/5
  2106 | D:4      | Found a glowing drain.
  2111 | Sewer    | Entered a sewer
  2549 | Sewer    | Noticed a big kobold
  2568 | Sewer    | Killed a big kobold
  2569 | Sewer    | Reached XP level 6. HP: 30/43 MP: 6/6
  2703 | Sewer    | Reached skill level 6 in Stealth
  3785 | D:3      | Reached skill level 7 in Stealth
  3785 | D:3      | Reached XP level 7. HP: 25/49 MP: 7/7
  4376 | D:4      | Reached skill level 8 in Stealth
  4395 | D:4      | You fall into a shaft and drop 3 floors!
  4886 | D:6      | HP: 2/49 [ogre/cursed -2 giant club (24)]
  4892 | D:6      | Reached XP level 8. HP: 31/54 MP: 8/8
  4908 | D:5      | Entered Level 5 of the Dungeon
  5054 | D:5      | Reached skill level 5 in Fighting
  5115 | D:5      | Reached skill level 5 in Dodging
  5279 | D:4      | Reached skill level 5 in Short Blades
  5416 | D:5      | Found a staircase to the Ecumenical Temple.
  5424 | Temple   | Entered the Ecumenical Temple
  6126 | D:5      | Reached skill level 9 in Stealth
  6126 | D:5      | Reached skill level 1 in Shields
  6423 | D:5      | Found Ihesomma's Armour Shop.
  6429 | D:5      | Bought a +0 buckler of protection for 115 gold pieces
  6863 | D:5      | Found a snail-covered altar of Cheibriados.
  8128 | D:5      | Bought a +1 hat for 110 gold pieces
  8279 | D:7      | Reached XP level 9. HP: 42/61 MP: 9/9
  8464 | D:7      | Reached skill level 10 in Stealth
  8869 | D:7      | Found an opulent altar of Gozag.
  8955 | D:8      | Noticed a two-headed ogre
  9042 | D:8      | Noticed Joseph
  9093 | D:8      | Killed Joseph
  9094 | D:8      | Reached skill level 11 in Stealth
  9371 | D:8      | Noticed Maggie
  9400 | D:8      | Killed Maggie
  9401 | D:8      | Reached XP level 10. HP: 69/69 MP: 10/10
  9422 | D:8      | Killed a two-headed ogre
  9423 | D:8      | Reached skill level 12 in Stealth
  9924 | D:8      | Splashed by an acid dragon's acid

Illustrated notes

Levels and vault maps discovered:
D:1:      lightli_arrival_statue_moat, layout_basic
D:2:      layout_loops_corners, overflow_temple_1_default
D:3:      layout_rooms, dancing_weapons_uskayaw,
          chequers_temple_overflow_statue_of_worship, grunt_qazlal_sundering
D:4:      layout_basic, portal_sewer_entry_e
D:5:      kennysheep_big_flooded_room, layout_basic, minmay_temple_entry_waves,
          serial_shops, shop, lemuel_statue_altar
D:6:      layout_layer_cave
D:7:      layout_loops_ring, basic_altar
D:8:      layout_basic, erik_lair_dragon, uniq_maggie, uniq_joseph
Temple:   eino_temple_rhombus

Skill      XL: |  1  2  3  4  5  6  7  8  9 10 |
---------------+-------------------------------+-----
Stealth        | 3 4 5 7 8 9 11 12 | 12.6
Fighting       | 4 5 6 7 |  7.0
Dodging        | 4 5 6 7 |  7.0
Short Blades   | 4 5 6 7 |  7.0
Shields        | 3 4 |  4.0

Action                   |  1- 3 |  4- 6 |  7- 9 | 10-12 || total
-------------------------+-------+-------+-------+-------++-------
Melee: Short sword       |    55 |   183 |   360 |    44 ||   642
       Constrict         |    15 |    48 |    71 |     2 ||   136
       Tentacles         |    12 |    47 |   105 |    13 ||   177
  Use: Scroll            |       |    12 |     4 |       ||    16
       Potion            |       |     1 |     5 |     2 ||     8
 Stab: Sleeping          |     7 |    17 |    15 |     2 ||    41
       Distracted        |       |     1 |     1 |       ||     2
Armor: Skin              |     3 |     1 |    11 |       ||    15
Dodge: Dodged            |    25 |   169 |   180 |    18 ||   392
Block: Other             |       |    45 |    13 |       ||    58
       Buckler           |       |       |   118 |    13 ||   131
       Reflection        |       |       |     7 |       ||     7
